 Dungeon Crawl Stone Soup version 0.21.1-1-g345015f (webtiles) character file.

258 inc the Caller (level 5, 0/21 HPs)
             Began as a Felid Wizard on Feb 22, 2018.
             Killed from afar by shakethe's ghost (21 damage)
             ... with an orb of energy
             ... on level 6 of the Dungeon.
             The game lasted 00:15:58 (5707 turns).

inc the Caller (Felid Wizard)                       Turns: 5707, Time: 00:15:59

Health: 0/21       AC: 11    Str:  3    XL:     5   Next: 94%
Magic:  10/10      EV: 17    Int: 22    God:
Gold:   187        SH:  0    Dex: 14    Spells: 7/10 levels left
                                        Lives:  0   Deaths: 1

rFire    . . .     SeeInvis +     - Unarmed
rCold    . . .     Gourm    .   (shield unavailable)
rNeg     . . .     Faith    .   (armour unavailable)
rPois    .         Spirit   .   (helmet unavailable)
rElec    .         Reflect  .   (cloak unavailable)
rCorr    .         Harm     .   (gloves unavailable)
MR       .....                  (boots unavailable)
Stlth    +++.......             o - amulet of regeneration
HPRegen  0.47/turn              d - +6 ring of protection
MPRegen  0.12/turn              r - +3 ring of protection

@: quick
A: very small, no armour, no weapons or thrown items, stealth, claws 1, fangs 3,
see invisible, carnivore, speed 1, shaggy fur 2, slow metabolism 1, sharp paws
a: no special abilities


You were on level 6 of the Dungeon.
You were not hungry.

You visited 1 branch of the dungeon, and saw 6 of its levels.

You collected 187 gold pieces.

Inventory:

Jewellery
 d - a +6 ring of protection (left paw)
 o - an amulet of regeneration (around neck)
 r - a +3 ring of protection (right paw)
Wands
 v - a wand of scattershot (5)
Scrolls
 e - 2 scrolls of enchant weapon
 f - 2 scrolls of random uselessness {unknown}
 i - a scroll of blinking
 j - a scroll of amnesia {unknown}
 l - a scroll of fear {unknown}
 m - a scroll of remove curse {unknown}
 p - a scroll of enchant armour {unknown}
 s - 2 scrolls of teleportation {unknown}
 u - a scroll of identify
Potions
 c - a potion of ambrosia
 g - 3 potions of flight
 h - a potion of resistance {unknown}
 k - 2 potions of heal wounds
 n - a potion of cancellation
 q - 3 potions of curing
 t - a potion of magic {unknown}
 w - a potion of agility {unknown}
Books
 a - a book of Minor Magic

   Spells                             Type                      Level
   a - Magic Dart                     Conjuration                  1
   b - Blink                          Translocation                2
   c - Call Imp                       Summoning                    2
   d - Slow                           Hexes                        2
   e - Conjure Flame                  Conjuration/Fire             3
   f - Mephitic Cloud                 Conjuration/Poison/Air       3
Comestibles
 b - 8 rations


   Skills:
 - Level 2.6 Dodging
 - Level 2.6 Stealth
 - Level 4.0 Unarmed Combat
 - Level 3.0 Spellcasting
 - Level 3.4 Conjurations
 + Level 4.3 Summonings
   Level 1.5 Translocations


You had 7 spell levels left.
You knew the following spells:

 Your Spells              Type           Power        Failure   Level  Hunger
a - Magic Dart            Conj           ###.         3%          1    None
b - Call Imp              Summ           ###.....     3%          2    ##.....


Dungeon Overview and Level Annotations

Branches:
Dungeon (6/15)
 Temple: D:4-7

Altars:
Ashenzari
Nemelex Xobeh

Annotations:
D:3 inc's ghost, amateur FeEn
D:6 shakethe's ghost, novice DECj


Innate Abilities, Weirdness & Mutations

You cannot wear armour.
You are incapable of wielding weapons or throwing items.
Your paws allow you to move quietly. (Stealth)
You have sharp claws.
You have razor-sharp teeth.
You have supernaturally acute eyesight. (SInv)
You are carnivorous and can eat meat at any time.
You cover ground quickly.
You are covered in thick fur. (AC +2)
You have a slow metabolism.
Your sharp claws are effective at attacking unaware monsters.


Message History

The magic dart hits you! The orc completely misses you.
Your magical contamination has completely faded away.
The orc wizard casts a spell.
The orc wizard blinks!
Your crimson imp blinks!
Your crimson imp blinks!
Your crimson imp blinks!
Your crimson imp disappears in a puff of smoke!
The orc wizard points at you and mumbles some strange words.
You easily resist.
There is a stone staircase leading down here.
There is a stone staircase leading down here.
You climb downwards.
Level annotation: shakethe's ghost, novice DECj A gnoll comes into view.
It is wielding a whip.
There is a stone staircase leading up here.
Shakethe's ghost gestures at you while chanting.
The orb of energy hits you!
Ouch! That really hurt!
You die...

#### ..# # #.# #.#
#@# .. #.# .
#.##.##.#######..
.##................
......##.#........
##.....W....####
.......#.#.# #
##..W....#<#
#.###.%...###.##


You could see shakethe's ghost.

Vanquished Creatures
  A sky beast (D:5)
  An ogre (D:6)
  An orc priest (D:5)
  2 worker ants
  7 adders
  A gnoll (D:1)
  A dart slug (D:2)
  2 worms (D:2)
  3 leopard geckos
  5 orcs
  3 ball pythons
  7 bats
  6 giant cockroaches
  11 goblins
  9 hobgoblins
  5 jackals (D:1)
  6 frilled lizards
  3 kobolds (D:1)
  8 rats
82 creatures vanquished.

Vanquished Creatures (collateral kills)
  An ogre (D:5)
  An iguana (D:5)
  4 gnolls (D:5)
  A shadow imp (D:5)
  3 worms (D:2)
  A leopard gecko (D:5)
  2 orcs (D:3)
  A giant cockroach (D:5)
14 creatures vanquished.

Grand Total: 96 creatures vanquished

Notes
Turn   | Place    | Note
-------+----------+-------------------------------------------
     0 | D:1      | inc the Felid Wizard began the quest for the Orb.
     0 | D:1      | Reached XP level 1. HP: 7/7 MP: 5/5
    69 | D:1      | Reached skill level 1 in Unarmed Combat
   227 | D:1      | Reached XP level 2. HP: 6/11 MP: 0/7
   994 | D:1      | Reached XP level 3. HP: 5/14 MP: 5/8
  1873 | D:3      | Noticed an ogre
  2024 | D:2      | Learned a level 2 spell: Call Imp
  2235 | D:2      | Reached XP level 4. HP: 15/18 MP: 3/9
  2678 | D:3      | Noticed inc's ghost (amateur FeEn)
  3085 | D:2      | Reached skill level 1 in Conjurations
  3648 | D:3      | Reached XP level 5. HP: 21/21 MP: 7/10
  4545 | D:5      | Entered Level 5 of the Dungeon
  4573 | D:6      | Noticed shakethe's ghost (novice DECj)
  4581 | D:6      | Noticed an ogre
  4596 | D:5      | Killed an ogre
  4687 | D:5      | Found a shattered altar of Ashenzari.
  4818 | D:6      | Found a sparkling altar of Nemelex Xobeh.
  4847 | D:6      | Noticed an ogre
  4889 | D:6      | Killed an ogre
  4889 | D:6      | Gained mutation: You are covered in thick fur. (AC +2) [Felid growth]
  4889 | D:6      | Reached XP level 6. HP: 24/24 MP: 0/11
  5270 | D:5      | Noticed a sky beast
  5303 | D:5      | Killed a sky beast
  5634 | D:5      | Shot with an arrow by a centaur
  5635 | D:5      | Reached XP level 5. HP: -2/21 MP: 3/10
  5707 | D:6      | Killed from afar by shakethe's ghost

Skill      XL: |  1  2  3  4  5  6 |
---------------+-------------------+-----
Unarmed Combat | 1 2 3 4 |  4.0
Conjurations   | 2 3 |  3.4
Summonings     | 2 4 |  4.3
Dodging        | |  2.6
Stealth        | |  2.6
Spellcasting   | |  3.0
Translocations | |  1.5

Action                   |  1- 3 |  4- 6 || total
-------------------------+-------+-------++-------
Melee: Unarmed           |    59 |    65 ||   124
       Bite              |     3 |     3 ||     6
       Punch             |     1 |       ||     1
 Cast: Magic Dart        |    79 |   136 ||   215
       Call Imp          |       |    30 ||    30
  Use: Scroll            |     2 |     5 ||     7
 Stab: Sleeping          |     7 |     5 ||    12
  Eat: Chunk             |    10 |     3 ||    13
Armor: Skin              |     5 |    18 ||    23
Dodge: Dodged            |    52 |    99 ||   151
